 Dungeon Crawl Stone Soup version 0.17-a0-2064-g265a032 (webtiles) character file.

61 Jackolantern the Skirmisher (level 3, 0/31 HPs)
             Began as a Centaur Fighter on Oct 13, 2015.
             Was an Initiate of Makhleb.
             Slain by an adder (3 damage)
             ... on level 2 of the Dungeon.
             The game lasted 00:03:00 (1156 turns).

Jackolantern the Skirmisher (Centaur Fighter)       Turns: 1156, Time: 00:03:01

Health: 0/31       AC:  9    Str: 19    XL:     3   Next: 83%
Magic:  3/3        EV:  1    Int:  7    God:    Makhleb [......]
Gold:   48         SH:  8    Dex:  8    Spells: 0 memorised, 2 levels left

rFire  . . .     SeeInvis .     a - +0 war axe
rCold  . . .     Clarity  .     f - +0 plate armour
rNeg   . . .     SustAt   .     c - +0 shield
rPois  .         Gourm    .     (no helmet)
rElec  .         Spirit   .     (no cloak)
rCorr  .         Warding  .     (no gloves)
rMut   .         Stasis   .     (no barding)
MR     .....                    (no amulet)
Stlth  ..........               (no ring)
                                (no ring)

@: lethally poisoned (0 -> -3), very quick, not resistant to hostile
enchantments, extremely unstealthy
A: hooves 3, deformed body, speed 2, tough skin 3
a: Renounce Religion


You were on level 2 of the Dungeon.
You worshipped Makhleb.
Makhleb was noncommittal.
You were not hungry.

You visited 1 branch of the dungeon, and saw 2 of its levels.

You collected 48 gold pieces.

Inventory:

Hand Weapons
 a - a +0 war axe (weapon)
Armour
 c - a +0 shield (worn)
 f - a +0 plate armour (worn)
Scrolls
 b - a scroll of identify {unknown}
 h - a scroll of magic mapping {unknown}
 i - a scroll of blinking {unknown}
 j - a scroll of fog {unknown}
Potions
 d - a potion of might
 k - a potion of resistance {unknown}
Comestibles
 e - a bread ration
 g - a slice of pizza


   Skills:
 + Level 3.6 Fighting
 + Level 2.4 Axes
 + Level 2.5 Armour
 + Level 2.5 Shields


You had 2 spell levels left.
You didn't know any spells.

Dungeon Overview and Level Annotations

Branches:
Dungeon (2/15)

Altars:
Cheibriados
Makhleb


Innate Abilities, Weirdness & Mutations

You have hooves in place of feet.
Armour fits poorly on your strangely shaped body.
You cover ground very quickly.
You have extremely tough skin (AC +3).


Message History

You closely miss the adder. The adder bites you but does no damage.
You block the adder's attack.
You hit the adder.
The adder is severely wounded.
You feel sick. You block the adder's attack. The adder bites you.
* * * LOW HITPOINT WARNING * * *
Your plate armour prevents you from hitting the adder.
The adder is severely wounded.
* * * LOW HITPOINT WARNING * * *
You feel sick. The adder bites you but does no damage.
The adder bites you but does no damage.
You closely miss the adder.
The adder is severely wounded.
The adder bites you but does no damage. You block the adder's attack.
Your plate armour prevents you from hitting the adder.
Your kick misses the adder.
The adder is severely wounded.
* * * LOW HITPOINT WARNING * * *
You feel sick. The adder bites you.
You die...

#....# ...# #.._.# [.#
#....# ..+ +...##.#
..# #### #.. #.#
######' #.# #......
#S# #.....) #@#
#.....)
#.##########.....†
#####.##..............
#.....##..............
#.....##..............
#.....##..............
#.......#####.........
#......†'...'.........
#.......#####.........


You could see an adder.

Vanquished Creatures
  3 adders (D:2)
  An ooze (D:2)
  A ball python (D:2)
  4 bats
  A giant cockroach (D:1)
  6 goblins
  3 hobgoblins
  3 jackals (D:2)
  2 giant geckos (D:2)
  A giant newt (D:1)
  3 kobolds
  5 rats
33 creatures vanquished.

Notes
Turn   | Place    | Note
--------------------------------------------------------------
     0 | D:1      | Jackolantern the Centaur Fighter began the quest for the Orb.
     0 | D:1      | Reached XP level 1. HP: 19/19 MP: 1/1
   307 | D:1      | Reached XP level 2. HP: 17/26 MP: 2/2
   459 | D:2      | Found a burning altar of Makhleb.
   497 | D:2      | Reached XP level 3. HP: 16/31 MP: 3/3
   517 | D:2      | Became a worshipper of Makhleb the Destroyer
   522 | D:2      | HP: 1/31 [poisoned by an adder]
   961 | D:2      | Found a snail-covered altar of Cheibriados.
  1156 | D:2      | Slain by an adder

Vault maps used:
D:1:      denvon_arrival_planthouse, st_stairs_12, kennysheep_small_spiral
D:2:      overflow_temple_1_default, overflow_temple_1_default,
          cheibriados_altar_1

Action                   || total
-------------------------++-------
Melee: War axe           ||   122
